woodfighter, chaotic female elven Priestess ----- ----------- |...| |.........| #-....####### |.........| #|..I| |>........| #-.-@- -.-.------- # # # ###### # #### # #### # ######## # -------|---.----# |..............-# |..............| |..........<.... ---------------- woodfighter the Acolyte Experience level: 5 Strength: 11 Dexterity: 14 Constitution: 17 Intelligence: 16 Wisdom: 10 Charisma: 8 Health: 0(44) Energy: 57(57) Def: 12 Gold: 740 Moves: 2431 Dungeon seed: 0suJ_oZRk1zH6KPR Game ID: woodfighter_1534443363 Your Inventory: Coins $ - 740 gold pieces Weapons a - a blessed +1 mace (weapon in hand) Armor n - a blessed +0 small shield (being worn) y - a +0 Hawaiian shirt I - a +0 pair of speed boots (being worn) K - a blessed +1 robe (being worn) N - a +0 elven mithril-coat (being worn) Y - a blessed +1 orcish helm (being worn) Comestibles c - 2 cloves of garlic d - 2 sprigs of wolfsbane k - a tripe ration C - a fortune cookie F - a lichen corpse Scrolls l - a scroll of gold detection p - a scroll of stinking cloud q - a scroll of identify x - 3 scrolls of scare monster z - a blessed scroll of enchant armor D - a scroll of remove curse H - a scroll of teleportation Potions b - 4 potions of holy water s - a potion of object detection G - a potion of sleeping Rings r - a ring of regeneration Wands f - a wand of cancellation (0:1) u - a wand of enlightenment (0:14) v - a wand of striking (0:3) w - a wand of slow monster (0:7) B - a wand of sleep (0:5) O - a wand of enlightenment (0:11) Tools j - a leather drum M - a +0 pick-axe P - an oil lamp (0:1459) Spells and supernatural/magical abilities: Name Level Category Fail Memory h - healing 1 healing 55% 88% l - light 1 divination 71% 88% E - detect food 2 divination 100% 88% W - pray for help -- divine ? -- X - turn undead -- divine ? -- Your skills at the end: Miscellaneous Skills shield [Basic] wands [Basic] Weapon Skills mace [Skilled] Spellcasting Skills clerical spells [Basic] Final Attributes: You were piously aligned. You were sleep resistant. Your writing hand was ok. You had infravision. You were stealthy. You were very fast. You are dead. Vanquished creatures: a gold golem a housecat a gnomish wizard a kitten a rothe a jitterbug 4 killer bees a hobbit 4 geckos 3 hobgoblins 3 gnomes 3 jackals 4 newts a goblin 9 grid bugs 9 lichens 3 kobold zombies 50 creatures vanquished. Voluntary challenges: You did not adorn yourself with jewelry or accessories. You did not cause conflict. You were not invisible. You did not have reflection. You were not displaced. You were an atheist. You used a wielded weapon 68 times, starting on turn 181. You did not use tools. You did not use plumbed fixtures. You did not drink any magical draughts. You were illiterate. You never genocided any monsters. You never polymorphed an object. You never changed form. You used no wishes. You never split a pudding. You never wrote Elbereth's name. You never violated your personal moral code. Dungeon overview: The Dungeons of Doom: levels 1 to 8 Level 1 a fountain, a sink a long staircase Level 2 a potion shop, some fountains stairs to The Gnomish Mines Level 3 Level 4 (water) a fountain Level 5 (books) an armor shop, a fountain Level 6 (vault) an altar to Anshar, a fountain, a sink Level 7 <- You were here Level 8 a fountain The Gnomish Mines: Level 3 stairs to The Dungeons of Doom History has recorded: On T:1 you entered the Dungeons of Doom to retrieve the Amulet of Yendor! On T:246 you reached level 2 of The Dungeons of Doom. On T:422 you reached level 3 of The Dungeons of Doom. On T:464 you advanced to experience level 2. On T:757 you reached level 1 of The Gnomish Mines. On T:860 you advanced to experience level 3. On T:1000 you reached level 4 of The Dungeons of Doom. On T:1154 you reached level 5 of The Dungeons of Doom. On T:1573 you advanced to experience level 4. On T:1719 you reached level 6 of The Dungeons of Doom. On T:2214 you advanced to experience level 5. On T:2227 you reached level 7 of The Dungeons of Doom. On T:2373 you reached level 8 of The Dungeons of Doom. Score breakdown: Gold: 740 ( 74 points) Experience: 5 levels ( 400 points) Exploration: 8 levels ( 210 points) Discoveries: 17 items ( 850 points) Variety of kills: 17 monsters ( 850 points) Major goal: (nothing yet) ( 0 points) Survival: died (score multiplied by 3) Total score: 7152 Latest messages: $ - 124 gold pieces. You displace your housecat. You stop exploring. The blood pudding bumps right into you! You displace your housecat. Something rather strange happens as the brown pudding divides. You hit the brown pudding! The brown pudding bumps right into you! You displace your housecat. You hear some noises. You hear some noises in the distance. The rothe claws you! The rothe just misses! The rothe misses. You hit the rothe! (2x) You hit the rothe. The rothe misses. (3x) You kill the rothe! There is an open door here. There are a few objects here. This rothe corpse tastes terrible! You stop eating. Something bites! You miss it. Something bites! You die... Final status: Goodbye woodfighter the Priestess, killed by an invisible blood pudding... You died in The Dungeons of Doom on dungeon level 7 with 7152 points, and 740 pieces of gold, after 2431 moves. You were level 5 with a maximum of 44 hit points when you died.